 Dungeon Crawl Stone Soup version 0.30-a0-310-g7d6cbdfea6 (webtiles) character file.

Game seed: 6216875531560195782

6316 Sweetruy1997 the Basher (level 10, 0/73 HPs)
             Began as a Demonspawn Chaos Knight on Oct 25, 2022.
             Was a Plaything of Xom.
             Slain by an orc warrior
             ... wielding a +0 glaive
              (17 damage)
             ... on level 9 of the Dungeon.
             The game lasted 00:31:42 (8483 turns).

Sweetruy1997 the Basher (Demonspawn Chaos Knight)   Turns: 8483, Time: 00:31:43

Health: 0/73       AC: 16    Str: 17 (18) XL:     10   Next: 64%
Magic:  7/18       EV: 13    Int: 18 (20) God:    Xom [...*..]
Gold:   77         SH:  0    Dex: 23      Spells: 10/20 levels left

rFire   + . .      SeeInvis .    q - +3 whip of Darkness {venom, rF+}
rCold   + . .      Faith    +    (no shield)
rNeg    . . .      Spirit   .    w - +2 robe "Joepur" {Dex+4}
rPois   +          Reflect  .    (helmet restricted)
rElec   .          Harm     .    g - +0 cloak
rCorr   .          Rampage  .    s - +1 pair of gloves "Put-Me-On" {rPois rC+ Int+2 Dex+3}
Will    .....      Clarity  +    l - +0 pair of boots
Stlth   +++.......               d - amulet of the Jester {Faith Str+9}
HPRegen 0.32/turn                B - ring of wizardry
MPRegen 0.16/turn                u - +4 ring of protection

@: on berserk cooldown, studying Fire Magic
A: icy blue scales 2, demonic guardian 2, demonic magic 2, weakness stinger 1,
horns 1, clarity, clever 1, deterioration 2, weak 1, wild magic 1, evolution 1
a: Renounce Religion


You were on level 9 of the Dungeon.
You worshipped Xom.
You were a favourite toy of Xom.
You visited 2 branches of the dungeon, and saw 10 of its levels.

You collected 373 gold pieces.
You spent 296 gold pieces at shops.

Inventory:

Hand Weapons
 a - a +1 hand axe of chaos
 q - the +3 whip of Darkness (weapon) {venom, rF+}
   (You found it on level 2 of the Dungeon)

   It poisons the flesh of those it strikes.
   rF:        It protects you from fire.
Armour
 g - a +0 cloak (worn)
 l - a +0 pair of boots (worn)
 s - the +1 pair of gloves "Put-Me-On" (worn) {rPois rC+ Int+2 Dex+3}
   (You found it on level 7 of the Dungeon)

   Int:       It affects your intelligence (+2).
   Dex:       It affects your dexterity (+3).
   rC:        It protects you from cold.
   rPois:     It protects you from poison.
 w - the +2 robe "Joepur" (worn) {Dex+4}
   (You bought it in a shop on level 7 of the Dungeon)

   Dex:       It affects your dexterity (+4).
Jewellery
 d - the amulet of the Jester (around neck) {Faith Str+9}
   (You found it on level 3 of the Dungeon)

   [amulet of faith]

   It allows you to gain divine favour quickly.
   Str:       It affects your strength (+9).
 p - a ring of resist corrosion
 u - a +4 ring of protection (right hand)
 v - a ring of ice
 A - a ring of flight
 B - a ring of wizardry (left hand)
Wands
 o - a wand of quicksilver (9)
 D - a wand of iceblast (11)
Scrolls
 m - a scroll of magic mapping
 n - a scroll of fog
 r - a scroll of fear
 t - 3 scrolls of amnesia
 x - 4 scrolls of blinking
 y - a scroll of immolation {unknown}
 z - a scroll of noise {unknown}
 C - a scroll of teleportation
 E - a scroll of torment {unknown}
Potions
 b - a potion of flight {unknown}
 e - a potion of cancellation {unknown}
 f - 2 potions of brilliance
 h - a potion of haste {unknown}
 i - 2 potions of curing
 j - a potion of mutation {unknown}
 k - a potion of berserk rage
Miscellaneous
 c - a piece from Xom's chessboard (3/15)


   Skills:
 + Level 4.4 Fighting
 - Level 3.4(7.4) Axes
 + Level 10.2(10.5) Maces & Flails
 + Level 0.3 Throwing
 + Level 4.8 Armour
 + Level 2.1 Dodging
 + Level 3.4 Stealth
 + Level 5.7 Spellcasting
 + Level 4.8 Hexes
 + Level 1.7 Summonings
 + Level 1.3 Necromancy
 + Level 1.0 Evocations


You had 10 spell levels left.
You knew the following spells:

 Your Spells              Type           Power      Damage    Failure   Level
b - Slow                  Hex            100%       N/A       1%          1
c - Summon Guardian Gole  Hex/Summ       22%        N/A       6%          3
d - Vampiric Draining     Necr           13%        2d6       12%         3
e - Vhi's Electric Charg  Tloc/Air       12%        N/A       21%         3

Your spell library contained the following spells:

 Spells                   Type           Power      Damage    Failure   Level
 Confusing Touch          Hex            29%        N/A       3%          3
 Summon Small Mammal      Summ           60%        N/A       4%          1
 Sandblast                Erth           12%        2d6       7%          1
 Passwall                 Tmut/Erth      5%         N/A       11%         2
 Call Canine Familiar     Summ           15%        N/A       11%         3
 Stone Arrow              Conj/Erth      12%        3d7       21%         3
 Animate Dead             Necr           13%        N/A       32%         4
 Borgnjor's Vile Clutch   Necr/Erth      4%         N/A       73%         5
 Arcjolt                  Conj/Air       3%         1d13      82%         5
 Death Channel            Necr           6%         N/A       99%         6
 Maxwell's Capacitive Co  Air            3%         ∞         100%        8


Dungeon Overview and Level Annotations

Branches:
Dungeon (9/15)             Temple (1/1) D:6
   Lair: D:8-11         Orc: D:9-12

Altars:
Ashenzari
Cheibriados
Dithmenos
Fedhas
Gozag
Hepliaklqana
Kikubaaqudgha
Makhleb
Nemelex Xobeh
Okawaru
Ru
Sif Muna
Trog
Uskayaw
Vehumet
Wu Jian
Xom

Shops:
D:2 *   D:7 [

Annotations:
D:9 Erolcha


Innate Abilities, Weirdness & Mutations

You are mostly covered in icy blue scales. (AC +3)
A demonic guardian rushes to your aid.
Spells you cast may paralyse nearby enemies.
You have a small tail.
You have a pair of small horns on your head.
You possess an exceptional clarity of mind.
Your mind is acute. (Int +4, Str/Dex -1)
Your body often deteriorates upon taking damage.
You are weak. (Str -2)
Your spells are a little harder to cast, but a little more powerful.
You have hidden genetic potential.


Message History

You whack the orc!
You kill the orc!
The orc priest is no longer paralysed.
The orc warrior misses you.
You hear some strange, mumbled words.
You feel momentarily confused. The orc priest barely misses you.
Items here: ))) [[ ††.
You hit the orc warrior.
The orc warrior is lightly wounded.
The orc warrior hits you with a +0 glaive.
Something hits you.
The orc priest hits you but does no damage.
You hit the orc warrior but do no damage.
Your tail-slap misses the orc warrior.
The orc warrior is lightly wounded.
You closely miss the orc warrior.
You headbutt the orc warrior, but do no damage.
Your tail-slap misses the orc warrior.
The orc warrior is lightly wounded.
The orc warrior completely misses you. Something hits you but does no damage.
The orc priest begins to cast a cantrip, but forgets the words!
You hit the orc warrior but do no damage.
The orc warrior is poisoned.
The orc warrior is lightly wounded.
The orc priest misses you. Something hits you.
The orc warrior hits you with a +0 glaive!
* * * LOW HITPOINT WARNING * * *
Your body deteriorates!
You feel dopey.
A demonic guardian appears!
Your magical contamination has completely faded away.
Casting: Vampiric Draining (dangerous; 12% risk of failure)
Confirm with . or Enter, or press ? or * to list all spells.
Aiming: Vampiric Draining (dangerous; 12% risk of failure)
Press: ? - help, Shift-Dir - straight line, f/p - orc priest
Aim: an orc priest, wielding a +0 club (heavily wounded, ally target)
You draw life force from the orc priest.
You feel life coursing into your body. Malevolent energies surge around you.
The orc suddenly stops moving!
The orc warrior hits you with a +0 glaive!
You die... "I guess I need a new plaything now."

.###.....#######.# .
#.?.... ....########.
#......# #...........
######.# ##........##
#.# #........# #####..
#.........#
.....4.#####...>.....##
.......o9.##..........##
.....oo@5..($...........
......####............§§
∆#.... ..........45.
#.## ..........)§§ .
........### ∆=..........
.......... ∆ ..........
∆ #........#


You could see an orc warrior (very poisoned, ally target), an orc priest (ally
target), an orc (paralysed, ally target), a friendly hellwing (summoned,
sheltered), a friendly guardian golem (summoned) and a friendly iron imp
(summoned, sheltered).

Vanquished Creatures
  A deep elf pyromancer (D:9)
  Maggie (D:7)
  A jumping spider (shapeshifter) (D:9)
  3 yaks (D:8)
  2 wyverns (D:8)
  Menkaure (D:7)
  2 water moccasins
  A black bear (D:6)
  2 ice beasts (D:7)
  5 ogres
  The ghost of idiolect the Twirler, an amateur DsGl (D:3)
  5 centaurs
  2 phantoms
  Blork the orc (D:5)
  A scorpion (D:5)
  A kobold brigand (D:8)
  2 bullfrogs
  4 necrophages
  4 gnoll sergeants
  A killer bee (D:8)
  A howler monkey (D:8)
  3 jellies
  3 hounds
  A gnoll bouda (D:8)
  Natasha (twice) (D:3)
  2 orc wizards
  18 gnolls
  6 adders
  A shadow imp (D:8)
  2 ufetubi
  4 worms
  4 dart slugs
  13 orcs
  9 ball pythons
  4 endoplasms (D:1)
  6 giant cockroaches
  6 hobgoblins
  5 quokkas
  3 bats
  3 frilled lizards
  5 goblins
  11 kobolds
  8 rats
161 creatures vanquished.

Vanquished Creatures (collateral kills)
  A troll (D:9)
  2 yaks (D:8)
  A steam dragon (D:8)
  A sky beast (D:8)
  An ice beast (D:6)
  A kobold brigand (D:8)
  An orc priest (D:8)
  Jessica (D:3)
  3 orcs
  A kobold (D:8)
13 creatures vanquished.

Vanquished Creatures (others)
  A cyclops (D:9)
  Eustachio (D:6)
  A black bear (D:6)
  A bullfrog (D:3)
  A gnoll sergeant (D:7)
  A gnoll (D:7)
  An adder (D:3)
  12 plants
19 creatures vanquished.

Grand Total: 193 creatures vanquished

Notes
Turn   | Place    | Note
-------+----------+-------------------------------------------
     0 | D:1      | Sweetruy1997 the Demonspawn Chaos Knight began the quest
                  | for the Orb.
     0 | D:1      | Reached XP level 1. HP: 18/18 MP: 1/1
   181 | D:1      | XOM: silly message
   232 | D:1      | XOM: silly message
   248 | D:1      | Gained mutation: You are partially covered in icy blue
                  | scales. (AC +2) [demonic ancestry]
   248 | D:1      | Reached XP level 2. HP: 22/24 MP: 2/2
   304 | D:1      | Reached skill level 1 in Dodging
   435 | D:1      | XOM: silly message
   447 | D:1      | XOM: divination: detect items
   727 | D:2      | Gained mutation: Spells you cast may paralyse adjacent
                  | enemies. [demonic ancestry]
   727 | D:2      | Reached XP level 3. HP: 29/29 MP: 3/3
   773 | D:2      | Identified the +3 whip of Darkness {venom, rF+}
  1041 | D:2      | Found Ahil's Assorted Antiques.
  1051 | D:2      | Bought a scroll labelled NIOGAT EKECO for 24 gold pieces
  1145 | D:2      | XOM: blink monster(s)
  1147 | D:2      | XOM: give mutation
  1147 | D:2      | Gained mutation: You possess an exceptional clarity of
                  | mind. [Xom's grace]
  1149 | D:2      | XOM: confuse monster(s)
  1313 | D:2      | XOM: god gift: glass ring {god gift}
  1607 | D:3      | Found a runed translucent door.
  1618 | D:3      | Noticed a bullfrog
  1619 | D:3      | Noticed idiolect's ghost (amateur DsGl)
  1652 | D:3      | Gained mutation: You are mostly covered in icy blue scales.
                  | (AC +3) [demonic ancestry]
  1652 | D:3      | Reached XP level 4. HP: 32/35 MP: 4/4
  1657 | D:3      | Reached skill level 1 in Stealth
  1842 | D:3      | Reached skill level 1 in Maces & Flails
  1846 | D:3      | Reached skill level 1 in Evocations
  1876 | D:3      | Noticed Jessica
  1877 | D:3      | XOM: cast spell 'Summon Ice Beast'
  1878 | D:3      | XOM: scenery: 1 doors open, 2 doors close
  1880 | D:3      | Killed Jessica
  2055 | D:3      | Reached XP level 5. HP: 35/41 MP: 5/5
  2121 | D:3      | Noticed Natasha
  2129 | D:3      | Killed Natasha
  2130 | D:3      | Reached skill level 2 in Maces & Flails
  2200 | D:3      | Found a faded altar of an unknown god.
  2218 | D:3      | Noticed Natasha
  2230 | D:3      | Killed Natasha
  2300 | D:3      | XOM: give mutation
  2300 | D:3      | Gained mutation: You are weak. (Str -2) [Xom's mischief]
  2551 | D:3      | XOM: give mutation
  2551 | D:3      | Gained mutation: You have a pair of small horns on your
                  | head. [Xom's grace]
  2570 | D:3      | XOM: destruction
  2589 | D:3      | Killed idiolect's ghost
  2647 | D:3      | Identified the amulet of the Jester {Faith Str+9}
  2764 | D:4      | Reached skill level 3 in Maces & Flails
  2795 | D:4      | XOM: scenery: summon butterflies
  2807 | D:4      | XOM: 3-stop teleportation journey
  2853 | D:4      | XOM: enchant monster (good)
  2855 | D:4      | Reached XP level 6. HP: 48/48 MP: 6/6
  3008 | D:4      | XOM: swap monsters
  3025 | D:4      | XOM: summons friendly quasit
  3034 | D:4      | XOM: confuse monster(s)
  3035 | D:4      | XOM: chaos upgrade
  3045 | D:4      | Reached skill level 4 in Maces & Flails
  3103 | D:4      | Learned a level 1 spell: Summon Small Mammal
  3202 | D:4      | XOM: give mutations
  3202 | D:4      | Gained mutation: Your body sometimes deteriorates upon
                  | taking damage. [Xom's mischief]
  3202 | D:4      | Gained mutation: Your body often deteriorates upon taking
                  | damage. [Xom's mischief]
  3241 | D:4      | XOM: silly message
  3266 | D:4      | XOM: summons 3 hostile demons
  3335 | D:5      | Entered Level 5 of the Dungeon
  3335 | D:5      | Noticed a water moccasin
  3344 | D:4      | XOM: confuse monster(s)
  3347 | D:4      | Gained mutation: A weak demonic guardian rushes to your
                  | aid. [demonic ancestry]
  3347 | D:4      | Reached XP level 7. HP: 29/54 MP: 7/7
  3360 | D:4      | Reached skill level 5 in Maces & Flails
  3520 | D:5      | Found a hide-covered altar of Uskayaw.
  3542 | D:5      | XOM: polymorph adder -> gnoll
  3567 | D:5      | XOM: summons 4 hostile demons
  3689 | D:5      | XOM: noise
  3720 | D:5      | XOM: torment (25/54 hp)
  3720 | D:5      | Noticed Blork the orc
  3729 | D:5      | XOM: 3-stop teleportation journey
  3739 | D:5      | XOM: stat loss: -1 Str (17/19)
  3877 | D:5      | XOM: blink monster(s)
  3905 | D:5      | Found a radiant altar of Vehumet.
  3976 | D:5      | XOM: enchant monster (bad)
  3984 | D:5      | Reached skill level 6 in Maces & Flails
  4070 | D:5      | Gained mutation: A demonic guardian rushes to your aid.
                  | [demonic ancestry]
  4070 | D:5      | Reached XP level 8. HP: 31/60 MP: 7/9
  4081 | D:5      | XOM: torment (16/60 hp)
  4186 | D:5      | XOM: divination: magic mapping
  4266 | D:5      | Killed Blork the orc
  4273 | D:5      | XOM: cast spell 'Summon Small Mammal'
  4275 | D:5      | XOM: divination: magic mapping
  4278 | D:5      | XOM: silly message
  4280 | D:5      | XOM: enchant monster (good)
  4285 | D:5      | Reached skill level 7 in Maces & Flails
  4285 | D:5      | Reached skill level 1 in Spellcasting
  4310 | D:5      | XOM: give mutation
  4310 | D:5      | Gained mutation: Your mind is acute. (Int +4, Str/Dex -1)
                  | [Xom's grace]
  4313 | D:5      | Noticed a +0 hand axe
  4314 | D:5      | Noticed a +0 hand axe
  4342 | D:5      | Learned a level 1 spell: Slow
  4447 | D:5      | Found an ornate altar of the Wu Jian Council.
  4491 | D:6      | XOM: smoke on damage
  4637 | D:6      | XOM: blink monster(s)
  4823 | D:6      | XOM: noise
  4826 | D:6      | XOM: noise
  4837 | D:6      | Reached skill level 8 in Maces & Flails
  4837 | D:6      | Reached skill level 1 in Summonings
  5075 | D:6      | Found a staircase to the Ecumenical Temple.
  5075 | D:6      | XOM: 4-stop teleportation journey
  5094 | D:6      | Learned a level 3 spell: Summon Guardian Golem
  5138 | Temple   | Entered the Ecumenical Temple
  5161 | D:6      | Learned a level 3 spell: Vampiric Draining
  5247 | D:6      | Noticed Eustachio
  5259 | D:6      | Reached skill level 1 in Hexes
  5259 | D:6      | Killed Eustachio
  5260 | D:6      | Gained mutation: Spells you cast may paralyse nearby
                  | enemies. [demonic ancestry]
  5260 | D:6      | Reached XP level 9. HP: 65/65 MP: 8/12
  5388 | D:6      | XOM: stat loss: -1 Dex (15/16)
  5440 | D:7      | Reached skill level 9 in Maces & Flails
  5543 | D:7      | XOM: butterfly on damage
  5671 | D:7      | XOM: 3-stop teleportation journey
  5678 | D:7      | XOM: butterfly on damage
  5686 | D:7      | XOM: potion effect (haste)
  5699 | D:7      | XOM: fog
  5776 | D:7      | XOM: fog
  5778 | D:7      | XOM: summons friendly quasit
  5941 | D:7      | Found Akymaena's Antique Armour Shoppe.
  5943 | D:7      | Noticed Menkaure
  5953 | D:7      | XOM: smoke on damage
  5959 | D:7      | Killed Menkaure
  6011 | D:7      | XOM: noise
  6138 | D:7      | Bought a dull robe for 136 gold pieces
  6138 | D:7      | Identified the +1 robe "Otroirac" {rElec Will- rCorr Dex-4}
                  | (You bought it in a shop on level 7 of the Dungeon)
  6146 | D:7      | Identified the +1 pair of gloves "Put-Me-On" {rPois rC+
                  | Int+2 Dex+3}
  6168 | D:7      | Learned a level 3 spell: Vhi's Electric Charge
  6211 | D:7      | Found a burning altar of Makhleb.
  6211 | D:7      | Found a shimmering blue altar of Sif Muna.
  6282 | D:7      | XOM: scenery: create altars
  6416 | D:7      | XOM: enchant monster (bad)
  6419 | D:7      | XOM: enchant monster (bad)
  6481 | D:7      | Noticed Maggie
  6483 | D:7      | XOM: divination: detect creatures
  6500 | D:7      | Killed Maggie
  6794 | D:8      | XOM: enchant monster (bad)
  6801 | D:8      | XOM: confuse monster(s)
  6907 | D:8      | XOM: summons 2 hostile demons
  6989 | D:8      | Reached skill level 1 in Necromancy
  7053 | D:8      | XOM: summons 9 friendly demons
  7060 | D:8      | XOM: summons friendly iron imp
  7065 | D:8      | Gained mutation: You have a small tail. [demonic ancestry]
  7065 | D:8      | Reached XP level 10. HP: 42/71 MP: 14/17
  7076 | D:8      | XOM: enchant monster (good)
  7122 | D:8      | Reached skill level 5 in Spellcasting
  7317 | D:8      | XOM: god gift: dagger {god gift}
  7324 | D:8      | XOM: polymorph iron imp -> lemure
  7406 | D:8      | Reached skill level 10 in Maces & Flails
  7547 | D:8      | XOM: noise
  7784 | D:8      | XOM: god gift: potion of attraction
  7862 | D:8      | Found a broken altar of Ashenzari.
  7862 | D:8      | Found a shadowy altar of Dithmenos.
  8028 | D:9      | XOM: noise
  8124 | D:7      | XOM: give mutations
  8124 | D:7      | Gained mutation: Your spells are a little harder to cast,
                  | but a little more powerful. [Xom's grace]
  8124 | D:7      | Gained mutation: You have hidden genetic potential. [Xom's
                  | grace]
  8125 | D:7      | Bought a warped robe for 136 gold pieces
  8125 | D:7      | Identified the +2 robe "Joepur" {Dex+4} (You bought it in a
                  | shop on level 7 of the Dungeon)
  8248 | D:9      | Noticed a deep elf pyromancer
  8266 | D:9      | Noticed a cyclops
  8268 | D:9      | Noticed a centaur warrior
  8268 | D:9      | XOM: swap monsters
  8295 | D:9      | Noticed Erolcha
  8295 | D:9      | XOM: 6-stop teleportation journey
  8316 | D:9      | XOM: god gift: 31 gold pieces
  8432 | D:9      | XOM: summons 10 friendly demons
  8440 | D:9      | Killed a deep elf pyromancer
  8455 | D:9      | XOM: divination: detect items
  8458 | D:9      | XOM: summons friendly iron imp
  8461 | D:9      | Killed a cyclops
  8464 | D:9      | XOM: 4-stop teleportation journey
  8483 | D:9      | Slain by an orc warrior

Illustrated notes

Levels and vault maps discovered:
D:1:      scummos_arrival_hexagon, layout_loops_ring
D:2:      layout_basic, serial_shops, nicolae_shop_waterfront
D:3:      layout_basic, ebering_ghost_sewer_d,
          shapermc_ecumenical_altar_hornbeckon, serial_curves, eino_curves_03,
          eino_curves_04, hangedman_abyss_or_decor_lesser_grid,
          minmay_misc_feat_tiny, uniq_natasha, uniq_jessica
D:4:      layout_basic, hangedman_decor_push
D:5:      layout_rooms, kennysheep_little_box, dancing_weapons_uskayaw,
          kennysheep_mini, minmay_manual_mares, uniq_blork_the_orc
D:6:      layout_rooms, minmay_temple_entry_overgrown, uniq_eustachio
D:7:      layout_loops_ring, gammafunk_temple_overflow_forgotten, serial_shops,
          shop, solitary_fountain, uniq_maggie, uniq_menkaure
D:8:      minmay_octagon_keep, layout_loops_ring,
          gammafunk_temple_overflow_pools, hangedman_decor_diamond_cutter
D:9:      minmay_bloctagon_deflated, layout_rooms,
          amethyst_overflow_temple_binary, uniq_erolcha
Temple:   hellmonk_temple_two_chambers

Skill      XL: |  1  2  3  4  5  6  7  8  9 10 |
---------------+-------------------------------+-----
Armour         | 2 3 4 |  4.8
Dodging        | 1 2 |  2.1
Axes           | 3 |  3.4
Stealth        | 1 3 |  3.4
Maces & Flails | 1 3 4 6 8 9 10 | 10.2
Evocations     | 1 |  1.0
Fighting       | 4 |  4.4
Spellcasting   | 2 4 5 |  5.7
Summonings     | 1 |  1.7
Hexes          | 1 3 4 |  4.8
Necromancy     | 1 |  1.3
Throwing       | |  0.3

Action                   |  1- 3 |  4- 6 |  7- 9 | 10-12 || total
-------------------------+-------+-------+-------+-------++-------
Melee: Hand axe          |    69 |       |       |       ||    69
       Whip              |    33 |   145 |   335 |   120 ||   633
       Headbutt          |       |    19 |    71 |    41 ||   131
       Punch             |       |     1 |     2 |       ||     3
       Tailslap          |       |       |       |    27 ||    27
Throw: Boomerang         |       |     1 |       |       ||     1
 Cast: Summon Small Mamm |       |     2 |     3 |       ||     5
       Slow              |       |       |    26 |    21 ||    47
       Summon Guardian G |       |       |     4 |     3 ||     7
       Vampiric Draining |       |       |     2 |     2 ||     4
Evoke: Piece from Xom's  |     7 |     7 |    22 |       ||    36
       Wand              |       |       |     1 |       ||     1
  Use: Scroll            |     3 |     2 |     9 |     2 ||    16
       Potion            |       |     2 |     4 |     1 ||     7
 Stab: Petrified         |     3 |       |       |       ||     3
       Sleeping          |     3 |     1 |     2 |       ||     6
       Paralysed         |       |     1 |    14 |    14 ||    29
       Confused          |       |     3 |     1 |       ||     4
       Petrifying        |       |     1 |       |       ||     1
Armor: Leather armour    |    43 |    67 |   175 |    29 ||   314
       Skin              |       |     4 |       |       ||     4
       Robe              |       |       |       |    24 ||    24
Dodge: Dodged            |    54 |    77 |   183 |    58 ||   372

Table legend: (Time is in decaauts)
 A = Elapsed time spent in this place.
 B = Non-inter-level travel time spent in this place.
 C = Inter-level travel time spent in this place.
 D = Time resting spent in this place.
 E = Time spent auto-exploring this place.
 F = Levels seen in this place.
 G = Mean time per level.
                   A        B        C        D        E       F      G
               +--------+--------+--------+--------+--------+-----+--------+
         Total |   8329 |   7993 |    336 |   1087 |   5211 |  10 |  832.9 |
       Dungeon |   8312 |   7980 |    332 |   1087 |   5201 |   9 |  923.6 |
        Temple |     17 |     13 |      4 |      0 |     10 |   1 |   17.0 |
               +--------+--------+--------+--------+--------+-----+--------+

Top non-repeatable levels by time:
     D:8: 1437 daAuts
     D:3: 1223 daAuts
     D:7: 1168 daAuts
     D:5: 948 daAuts
     D:6: 872 daAuts
     D:4: 797 daAuts
     D:2: 767 daAuts
     D:1: 727 daAuts
     D:9: 369 daAuts
  Temple: 17 daAuts
